AoeStats
← Not-gg-to-pickers

Arabia

510217142Analyzed
1v1 RM · 2d ago on Sep 30, 2026· 12m 24s· 2 players
Game mode
Random Map
Map size
Tiny (2 player)
Population
200
Speed
Normal
Resources
Standard
Victory
Conquest
Starting age
Dark Age
Ending age
Imperial Age
RankedLock teamsTeams togetherTeam positionsShared explorationLock speedFull tech treeHidden civsTurbo modeCheats
Victory
Defeat
🇨🇴 Bengalis · Colombia
1321
+15
🇺🇸 Burgundians · United States
1293
-15
CervixHammer69
4:46 Loom
10:03 Feudal Age
9:44 Double-Bit Axe
11:22 Man-at-Arms
Not-gg-to-pickers
6:24 Loom
9:31 Feudal Age
9:36 Man-at-Arms
11:24 Double-Bit Axe
Connection lost

Rejoining the realm…

Still unreachable

The connection could not be restored.

Session expired

The server has moved on; the page needs a fresh start.